 Dungeon Crawl Stone Soup version 0.27-b1-42-g19c61b19a5 (webtiles) character file.

Game seed: 10270613754193374528

3162 mhtbhm the Slinger (level 9, 0/48 HPs)
             Began as a Spriggan Hunter on July 30, 2021.
             Was a Priest of Okawaru.
             Slain by a centaur (6 damage)
             ... on level 7 of the Dungeon.
             The game lasted 00:21:47 (11104 turns).

mhtbhm the Slinger (Spriggan Hunter)               Turns: 11104, Time: 00:21:48

Health: 0/48       AC:  2    Str: 11    XL:     9   Next: 63%
Magic:  10/10      EV: 19    Int: 13    God:    Okawaru [***...]
Gold:   313        SH:  0    Dex: 15    Spells: 8/8 levels left

rFire    . . .     SeeInvis +   b - +2 short sword (freeze)
rCold    . . .     Faith    .   (shield restricted)
rNeg     . . .     Spirit   .   c - +0 robe
rPois    .         Reflect  .   (helmet restricted)
rElec    .         Harm     .   (no cloak)
rCorr    .         Rampage  .   (gloves unavailable)
Will     +....                  (boots unavailable)
Stlth    ++........             (no amulet)
HPRegen  0.16/turn              (no ring)
MPRegen  0.12/turn              (no ring)

@: very quick
A: very small, no large weapons, unfitting armour, see invisible, speed 3
a: Renounce Religion, Heroism


You were on level 7 of the Dungeon.
You worshipped Okawaru.
Okawaru was most pleased with you.
You visited 1 branch of the dungeon, and saw 7 of its levels.

You collected 313 gold pieces.

Inventory:

Hand Weapons
 a - a +1 hunting sling
 b - a +2 short sword of freezing (weapon)
Missiles
 e - 118 stones
 r - 17 poisoned darts (quivered)
Armour
 c - a +0 robe (worn)
Wands
 p - a wand of flame (9)
Scrolls
 d - 4 scrolls of identify
 g - 2 scrolls of amnesia
 i - a scroll of brand weapon {unknown}
 k - 3 scrolls of teleportation
 l - a scroll of acquirement {unknown}
 m - 2 scrolls of torment {unknown}
 q - a scroll of summoning {unknown}
Potions
 f - a potion of might
 h - 2 potions of lignification
 s - a potion of flight


   Skills:
 + Level 5.7 Fighting
 + Level 12.8(12.9) Slings
 + Level 2.1(7.4) Throwing
 + Level 5.1 Dodging
 + Level 3.2 Stealth
 + Level 4.2 Evocations


You had 8 spell levels left.
You didn't know any spells.
Your spell library contained the following spells:

 Spells                   Type           Power      Damage    Failure   Level
 Magic Dart               Conj           0%         1d3       30%         1
 Summon Small Mammal      Summ           0%         N/A       30%         1
 Call Imp                 Summ           0%         N/A       43%         2
 Slow                     Hex            0%         N/A       43%         2
 Call Canine Familiar     Summ           0%         N/A       67%         3
 Confusing Touch          Hex            0%         N/A       67%         3
 Mephitic Cloud           Conj/Pois/Air  0%         N/A       67%         3
 Summon Guardian Golem    Hex/Summ       0%         N/A       67%         3
 Yara's Violent Unravell  Hex/Tmut       0%         3d3       100%        5


Dungeon Overview and Level Annotations

Branches:
Dungeon (7/15)             Temple (0/1) D:6

Altars:
Ashenzari
Cheibriados
Dithmenos
Elyvilon
Okawaru
Ru
Sif Muna
Xom
Yredelemnul
Zin

Shops:
D:5 *

Portals:
Abyss: D:3

Annotations:
D:3 pikapanic's ghost, amateur DrFi
D:7 Duvessa


Innate Abilities, Weirdness & Mutations

You are very small and have problems with some larger weapons.
You are too small for most types of armour.
You have supernaturally acute eyesight. (SInv)
You cover ground extremely quickly. (Speed+++)


Message History

You throw a boomerang of dispersal.
The boomerang of dispersal hits the centaur.
The centaur blinks!
The orc warrior misses you.
Unknown command.
Okay, then.
Your +2 short sword of freezing glows with a cold blue light!
b - a +2 short sword of freezing (weapon)
The centaur shoots an arrow.
The arrow hits you.
* * * LOW HITPOINT WARNING * * *
Unknown command.
You feel better. The orc warrior closely misses you.
The centaur shoots an arrow.
The arrow closely misses you. The orc warrior misses you.
You closely miss the orc warrior.
The orc warrior is almost dead.
The orc warrior hits you with a +0 halberd!
* * * LOW HITPOINT WARNING * * *
Unknown command.
You hit the orc warrior but do no damage.
The orc warrior is almost dead.
The orc warrior closely misses you.
Unknown command.
You feel better. The orc warrior misses you.
The centaur unwields a +0 shortbow.
The centaur barely misses you. x2
You closely miss the orc warrior.
The orc warrior is almost dead.
The centaur completely misses you. The centaur closely misses you.
The orc warrior hits you with a +0 halberd!
* * * LOW HITPOINT WARNING * * *
Unknown command.
You hit the orc warrior but do no damage.
The orc warrior is almost dead.
The centaur completely misses you. The centaur barely misses you.
The orc warrior misses you. The centaur completely misses you.
The centaur kicks you but does no damage.
You hit the orc warrior. You freeze the orc warrior.
The orc warrior is almost dead.
The centaur hits you.
You die...

#. # .. # ##### c# #
#... .. ## ####.# .#
.###≈†≈.## .#
.##≈≈≈≈≈.#########.#
.#_≈≈.≈≈..(.(.(o@c.#
.##≈≈≈≈≈...#########
###>≈≈≈.##.#
...##.###.#
.#####.###o# ..
...##.# . ##..##(#
## #^.##(#
######..##.#


You could see an orc warrior and a centaur.

Vanquished Creatures
  An ugly thing (D:7)
  An unseen horror (D:7)
  Menkaure (D:4)
  A steam dragon (D:7)
  A water moccasin (D:6)
  An ice beast (D:6)
  A black bear (D:5)
  2 necrophages
  5 ogres
  2 centaurs (D:7)
  3 phantoms
  2 kobold brigands (D:7)
  A bullfrog (D:7)
  A scorpion (D:7)
  A howler monkey (D:6)
  A bullfrog zombie (D:3)
  A gnoll shaman (D:7)
  3 hounds
  A jelly (D:5)
  2 orc priests
  A bullfrog skeleton (D:5)
  2 centaur skeletons (D:7)
  An iron imp (D:3)
  An iguana (D:5)
  2 orc wizards
  A killer bee zombie (D:5)
  8 gnolls
  A howler monkey skeleton (D:5)
  7 adders
  A white imp (D:6)
  2 adder skeletons (D:4)
  A worm (D:2)
  2 dart slugs
  10 orcs
  9 ball pythons
  8 endoplasms
  5 giant cockroaches
  9 goblins
  12 hobgoblins
  7 jackals
  7 quokkas
  2 bats (D:2)
  11 kobolds
  4 rats
  A spectral kobold (D:3)
147 creatures vanquished.

Vanquished Creatures (others)
  16 plants (D:3)
16 creatures vanquished.

Grand Total: 163 creatures vanquished

Notes
Turn   | Place    | Note
-------+----------+-------------------------------------------
     0 | D:1      | mhtbhm the Spriggan Hunter began the quest for the Orb.
     0 | D:1      | Reached XP level 1. HP: 10/10 MP: 2/2
    25 | D:1      | Reached skill level 5 in Slings
   282 | D:1      | Reached XP level 2. HP: 11/14 MP: 3/3
   832 | D:2      | Reached XP level 3. HP: 18/18 MP: 4/4
  1116 | D:2      | Reached skill level 6 in Slings
  2083 | D:2      | Reached XP level 4. HP: 23/23 MP: 5/5
  2313 | D:3      | Found a transporter.
  2360 | D:3      | Found a transporter.
  2366 | D:3      | Noticed a small abomination
  2459 | D:3      | Found a faded altar of an unknown god.
  2849 | D:3      | Reached skill level 7 in Slings
  3477 | D:2      | Reached XP level 5. HP: 19/26 MP: 6/6
  3596 | D:3      | Found a glowing silver altar of Zin.
  3685 | D:3      | Found a shimmering altar of Xom.
  3687 | D:3      | Noticed an angel
  3740 | D:3      | Found a one-way gate to the infinite horrors of the Abyss.
  3740 | D:3      | Noticed pikapanic's ghost (amateur DrFi)
  4377 | D:3      | Found a basalt altar of Yredelemnul.
  5203 | D:4      | Reached XP level 6. HP: 32/32 MP: 7/7
  5204 | D:4      | Reached skill level 8 in Slings
  5283 | D:4      | Noticed Menkaure
  5292 | D:4      | Killed Menkaure
  5731 | D:4      | Found an iron altar of Okawaru.
  5742 | D:4      | Became a worshipper of Warmaster Okawaru
  5918 | D:4      | Found a sacrificial altar of Ru.
  5933 | D:4      | Found a broken altar of Ashenzari.
  6087 | D:5      | Entered Level 5 of the Dungeon
  6127 | D:5      | Reached skill level 9 in Slings
  6127 | D:5      | Reached XP level 7. HP: 32/36 MP: 8/8
  6184 | D:5      | Found Anaqeova's Assorted Antiques.
  6317 | D:5      | Reached * piety under Okawaru
  6462 | D:5      | Reached skill level 10 in Slings
  6477 | D:5      | Found a shadowy altar of Dithmenos.
  6694 | D:5      | Reached XP level 8. HP: 41/41 MP: 9/9
  7104 | D:6      | Reached skill level 11 in Slings
  7191 | D:6      | Reached ** piety under Okawaru
  7563 | D:6      | Found a staircase to the Ecumenical Temple.
  8191 | D:6      | Found a white marble altar of Elyvilon.
  8674 | D:6      | Reached skill level 12 in Slings
  8846 | D:7      | Noticed a cyan ugly thing
  8907 | D:7      | Killed a cyan ugly thing
  8908 | D:7      | Reached skill level 5 in Fighting
  8908 | D:7      | Reached XP level 9. HP: 33/47 MP: 10/10
  9811 | D:7      | Found a shimmering blue altar of Sif Muna.
  9949 | D:7      | Reached *** piety under Okawaru
  9962 | D:7      | Noticed an unseen horror
  9989 | D:7      | Killed an unseen horror
  9990 | D:7      | Reached skill level 1 in Throwing
 10353 | D:7      | Reached skill level 5 in Dodging
 10497 | D:7      | Received a gift from Okawaru
 10900 | D:7      | Noticed Duvessa
 10946 | D:7      | Found a snail-covered altar of Cheibriados.
 11104 | D:7      | Slain by a centaur

Illustrated notes

Levels and vault maps discovered:
D:1:      dpeg_arrival_simpleton_a, layout_basic
D:2:      layout_loops_corners
D:3:      layout_basic, grunt_temple_overflow_order_and_chaos_1,
          mainiacjoe_overflow_paths, dreamdust_ecumenical_altar_drowned_temple,
          gammafunk_ghost_abyssal_escape, serial_bayou, serial_bayou_lake_a,
          serial_bayou_pond_e, serial_bayou_pond_c, serial_bayou_pond_b,
          serial_bayou_pond_d
D:4:      layout_rooms, kennysheep_okawaru_gauntlet, minitemple, uniq_menkaure
D:5:      layout_basic, grunt_dithmenos_smoke_and_mirrors, serial_shops, shop
D:6:      layout_gridville, mainiacjoe_overflow_surrounded_room, temple_doors_cd
D:7:      kennysheep_big_flooded_room, layout_loops_ring,
          kennysheep_slug_shrine, nicolae_sif_muna_condensation,
          minmay_starry_boxes, uniq_duvessa

Skill      XL: |  1  2  3  4  5  6  7  8  9 |
---------------+----------------------------+-----
Slings         | 5 6 7 9 10 12 | 12.8
Dodging        | 3 4 5 |  5.1
Fighting       | 2 3 5 |  5.7
Stealth        | 2 3 |  3.2
Evocations     | 2 4 |  4.2
Throwing       | 2 |  2.1

Action                   |  1- 3 |  4- 6 |  7- 9 || total
-------------------------+-------+-------+-------++-------
Melee: Short sword       |       |    40 |    11 ||    51
 Fire: Hunting sling     |   114 |   279 |   327 ||   720
Throw: Dart              |       |       |    22 ||    22
       Boomerang         |       |       |     3 ||     3
Evoke: Wand              |       |       |    42 ||    42
  Use: Potion            |       |     7 |     2 ||     9
       Scroll            |       |     4 |     4 ||     8
Armor: Robe              |     1 |    11 |     7 ||    19
Dodge: Dodged            |    32 |   112 |   102 ||   246
